 Dungeon Crawl Stone Soup version 0.28-a0-1624-g820543e53a (webtiles) character file.

Game seed: 12772859497085147097

462 HallandMoats the Vandal (level 7, 0/59 HPs)
             Began as a Ghoul Hunter on Jan 23, 2022.
             Was a Believer of Ru.
             Slain by an iguana (6 damage)
             ... on level 4 of the Dungeon.
             The game lasted 00:05:17 (3029 turns).

HallandMoats the Vandal (Ghoul Hunter)              Turns: 3029, Time: 00:05:17

Health: 0/59       AC:  7    Str: 16    XL:     7   Next: 7%
Magic:  15/15      EV: 11    Int:  6    God:    Ru [**....]
Gold:   147        SH:  0    Dex: 11    Spells: 6/6 levels left

rFire   . . .      SeeInvis .   b - +2 rapier (vamp)
rCold   + . .      Faith    .   (no shield)
rNeg    + + +      Spirit   .   o - +1 ring mail {rPois}
rPois   ∞          Reflect  .   w - +0 helmet
rElec   .          Harm     .   (no cloak)
rCorr   .          Rampage  .   (no gloves)
Will    +....                   (no boots)
Stlth   +.........              k - amulet of regeneration
HPRegen 0.00/turn               e - ring of willpower
MPRegen 0.14/turn               q - ring of magical power

@: inhibited regen
A: claws 1, cold resistance 1, negative energy resistance 3, inhibited
regeneration, torment resistance 2, inability to use devices
a: Renounce Religion


You were on level 4 of the Dungeon.
You worshipped Ru.
Ru was pleased with you.
You visited 1 branch of the dungeon, and saw 5 of its levels.

You collected 147 gold pieces.

Inventory:

Hand Weapons
 a - a +1 hunting sling of freezing
 b - a +2 vampiric rapier (weapon)
 A - the +5 war axe of Mana {flame, Fragile rElec rC+ Dex+4}
   (You found it on level 3 of the Dungeon)

   It burns those it strikes, dealing additional fire damage.
   Big, fiery blades are also staple armaments of hydra-hunters.
   Dex:       It affects your dexterity (+4).
   rC:        It protects you from cold.
   rElec:     It insulates you from electricity.
   Fragile:   It will be destroyed if unequipped.
Missiles
 g - 71 stones (quivered)
 z - 14 sling bullets
Armour
 o - a +1 ring mail of poison resistance (worn)
 w - a +0 helmet (worn)
Jewellery
 e - a ring of willpower (left claw)
 k - an amulet of regeneration (around neck)
 q - a ring of magical power (right claw)
Wands
 m - a wand of iceblast (8)
Scrolls
 h - a scroll of enchant weapon
 i - a scroll of vulnerability {unknown}
 l - a scroll of teleportation {unknown}
 p - a scroll of fog {unknown}
 s - a scroll of summoning
 y - a scroll of identify
Potions
 f - 3 potions of curing {unknown}
 j - a potion of flight {unknown}
 n - 2 potions of lignification {unknown}
 t - 2 potions of might {unknown}
 u - 2 potions of cancellation {unknown}
 v - a potion of degeneration {unknown}
 x - a potion of heal wounds {unknown}


   Skills:
 + Level 4.0 Fighting
 * Level 5.4 Slings
 + Level 2.7 Armour
 + Level 3.3 Dodging
 - Level 1.1 Stealth


You had 6 spell levels left.
You didn't know any spells.
Your spell library contained the following spells:

 Spells                   Type           Power      Damage    Failure   Level
 Ensorcelled Hibernation  Hex/Ice        0%         N/A       80%         2
 Anguish                  Hex/Necr       0%         N/A       100%        4
 Cause Fear               Hex            0%         N/A       100%        4
 Dragon's Call            Summ           0%         N/A       100%        9
 Spider Form              Tmut/Pois      Unusable   N/A       N/A         3
 Dragon Form              Tmut           Unusable   N/A       N/A         7

Dungeon Overview and Level Annotations

Branches:
Dungeon (5/15)
 Temple: D:4-7

Altars:
Ru


Innate Abilities, Weirdness & Mutations

You thrive by killing the living.
You are immune to poison.
You have sharp fingernails.
Your flesh is cold resistant. (rC+)
You are immune to negative energy. (rN+++)
You do not regenerate when monsters are visible.
You are immune to unholy pain and torment.
You cannot study or use magical devices.


Message History

The iguana is lightly wounded.
Fire: 75 stones
Press: ? - help, Q - select action, (/) - cycle Shift-Dir - straight line, f/p - iguana
Aim: an iguana (lightly wounded, slow, 65% to hit)
You shoot a stone. The stone barely misses the iguana.
The iguana closely misses you.
Fire: 74 stones
Press: ? - help, Q - select action, (/) - cycle Shift-Dir - straight line, f/p - iguana
Aim: an iguana (lightly wounded, slow, 65% to hit)
You shoot a stone. The stone closely misses the iguana.
The iguana is no longer moving slowly.
The iguana bites you!
* * * LOW HITPOINT WARNING * * *
Fire: 73 stones
Press: ? - help, Q - select action, (/) - cycle Shift-Dir - straight line, f/p - iguana
Aim: an iguana (lightly wounded, 65% to hit)
You shoot a stone. The stone closely misses the iguana.
The iguana bites you but does no damage.
Fire: 72 stones
Press: ? - help, Q - select action, (/) - cycle Shift-Dir - straight line, f/p - iguana
Aim: an iguana (lightly wounded, 65% to hit)
You shoot a stone. The stone closely misses the iguana.
The iguana bites you.
* * * LOW HITPOINT WARNING * * *
Unknown command.
Your +1 hunting sling of freezing stops glowing.
You feel a sense of dread.
b - a +2 vampiric rapier (weapon)
You hit the iguana.
You feel better.
The iguana is moderately wounded.
The iguana closely misses you.
You barely miss the iguana.
The iguana is moderately wounded.
The iguana bites you.
* * * LOW HITPOINT WARNING * * *
You barely miss the iguana.
The iguana is moderately wounded.
The iguana bites you.
* * * LOW HITPOINT WARNING * * *
The iguana bites you.
You die...

.....<.............#
....#..............##
..#####.###.........#
...# ##.###..##...###
..## #..##...#....#
..†###.......#..#.###
...##......##...#...##
(...#...#...#.......)#
##.......(.....l@...##
.............##......#
.....###..#......#..##
.....#...#......#####
.........#..##..#
.......###..#..##
...#..## ###..##
####.## #### ###


You could see an iguana.

Vanquished Creatures
  2 scorpions (D:4)
  A water moccasin skeleton (D:4)
  A hound (D:4)
  2 orc wizards (D:4)
  An iguana (D:4)
  A hound skeleton (D:4)
  Robin (D:4)
  A gnoll (D:3)
  5 adders (D:2)
  An adder skeleton (D:4)
  3 worms
  6 dart slugs
  2 orcs
  7 bats
  5 endoplasms
  3 giant cockroaches
  11 goblins
  8 hobgoblins
  6 jackals
  8 kobolds
  5 quokkas
  13 ball pythons
  6 frilled lizards
  7 rats
106 creatures vanquished.

Vanquished Creatures (others)
  A fungus (D:2)
  A plant (D:2)
2 creatures vanquished.

Grand Total: 108 creatures vanquished

Notes
Turn   | Place    | Note
-------+----------+-------------------------------------------
     0 | D:1      | HallandMoats the Ghoul Hunter began the quest for the Orb.
     0 | D:1      | Reached XP level 1. HP: 17/17 MP: 0/0
    59 | D:1      | Reached XP level 2. HP: 25/25 MP: 1/1
   131 | D:1      | Reached skill level 4 in Slings
   131 | D:1      | Reached XP level 3. HP: 30/30 MP: 2/2
   271 | D:1      | Reached skill level 1 in Armour
   820 | D:2      | Reached XP level 4. HP: 37/37 MP: 3/3
  1037 | D:2      | Found a faded altar of an unknown god.
  1247 | D:2      | Prayed at the altar of an unknown god.
  1247 | D:2      | Became a worshipper of Ru the Awakened
  1270 | D:2      | Gained mutation: You cannot study or use magical devices.
                  | [Ru sacrifice]
  1270 | D:2      | Reached * piety under Ru
  1270 | D:2      | Reached ** piety under Ru
  1652 | D:3      | Reached XP level 5. HP: 45/45 MP: 4/4
  1665 | D:3      | Identified the +5 war axe of Mana {flame, Fragile rElec rC+
                  | Dex+4}
  2271 | D:4      | Reached XP level 6. HP: 49/51 MP: 5/5
  2374 | D:4      | Reached skill level 5 in Slings
  2454 | D:4      | Noticed Robin
  2463 | D:4      | Killed Robin
  2607 | D:4      | Reached XP level 7. HP: 48/58 MP: 6/6
  3012 | D:5      | Entered Level 5 of the Dungeon
  3029 | D:4      | Slain by an iguana

Illustrated notes

Levels and vault maps discovered:
D:1:      nzn_arrival_settlement, layout_rooms
D:2:      layout_basic, shapermc_ecumenical_altar_acropolis, minmay_crystal_room
D:3:      layout_basic, st_stairs_6, grunt_ministairs_2,
          small_statue_intersection
D:4:      layout_cave_pools, st_stairs_13, uniq_robin
D:5:      layout_cave_pods, serial_shops, nicolae_shop_bloodbath_and_beyond,
          st_stairs_14, uniq_edmund

Skill      XL: |  1  2  3  4  5  6  7 |
---------------+----------------------+-----
Dodging        | 2 3 |  3.3
Slings         | 4 5 |  5.4
Armour         | 1 2 |  2.7
Fighting       | 3 4 |  4.0
Stealth        | |  1.1

Action                   |  1- 3 |  4- 6 |  7- 9 || total
-------------------------+-------+-------+-------++-------
Melee: Short sword       |       |       |    20 ||    20
       Rapier            |       |       |     3 ||     3
 Fire: Hunting sling     |    98 |   241 |    16 ||   355
Invok: Sacrifice Artific |       |     1 |       ||     1
  Use: Scroll            |       |       |     4 ||     4
Armor: Leather armour    |     5 |     4 |       ||     9
       Ring mail         |       |    22 |     9 ||    31
Dodge: Dodged            |     9 |    45 |     3 ||    57

Table legend: (Time is in decaauts)
 A = Elapsed time spent in this place.
 B = Non-inter-level travel time spent in this place.
 C = Inter-level travel time spent in this place.
 D = Time resting spent in this place.
 E = Time spent auto-exploring this place.
 F = Levels seen in this place.
 G = Mean time per level.
                   A        B        C        D        E       F      G
               +--------+--------+--------+--------+--------+-----+--------+
         Total |   3012 |   2913 |     99 |      0 |   2183 |   5 |  602.4 |
       Dungeon |   3012 |   2913 |     99 |      0 |   2183 |   5 |  602.4 |
               +--------+--------+--------+--------+--------+-----+--------+

Top non-repeatable levels by time:
     D:2: 964 daAuts
     D:4: 809 daAuts
     D:3: 632 daAuts
     D:1: 599 daAuts
     D:5: 6 daAuts
